Map: Сумеречные башни

Players

WPz

  • Race: Protoss Protoss
  • League: Master

Zaratustra - Winner!

  • Race: Protoss Protoss
  • League: Master

VOD

Have the link to the VOD?

Description

Time

  • Played on: Jan. 9, 2016, 7:03 a.m.
  • Length: 10:55
Show
View Real Time Build Order
Export as new Build Order

WPz Protoss 

Build Orders: Blink Stalkers, Dark Templar Rush 

Get SALT Encoding   

  12  0:01  Probe (Chrono Boost)  
  13  0:11  Probe (Chrono Boost)  
  14  0:17  Pylon  
  14  0:22  Probe (Chrono Boost)  
  16  0:36  Probe (Chrono Boost), Gateway  
  16  0:42  Assimilator  
  16  0:46  Probe (Chrono Boost)  
  17  0:52  Assimilator  
  17  0:57  Probe (Chrono Boost)  
  18  1:07  Gateway, Probe (Chrono Boost)  
  19  1:18  Probe (Chrono Boost)  
  20  1:23  Cybernetics Core  
  20  1:28  Probe (Chrono Boost)  
  21  1:35  Pylon  
  21  1:39  Probe (Chrono Boost)  
  22  1:49  Probe (Chrono Boost)  
  23  1:59  Adept  
  23  2:00  Probe (Chrono Boost), Adept  
  28  2:02  Warp Gate (Chrono Boost)  
  28  2:11  Twilight Council  
  28  2:16  Probe (Chrono Boost)  
  29  2:27  Mothership Core (Chrono Boost)  
  31  2:42  Pylon  
  31  2:50  Dark Shrine  
  31  3:00  Probe  
  32  3:13  Nexus  
  32  3:24  Blink (Chrono Boost)  
  32  3:28  Probe  
  31  3:38  Gateway  
  31  3:42  Probe  
  32  3:52  Pylon  
  32  3:56  Robotics Facility  
  32  3:57  Probe  
  33  4:10  Dark Templar  
  33  4:12  Probe  
  33  4:14  Stalker  
  38  4:21  Pylon  
  38  4:25  Probe  
  38  4:27  Probe  
  40  4:38  Stalker  
  43  4:39  Probe  
  43  4:45  Probe, Warp Prism (Chrono Boost)  
  43  4:51  Probe  
  47  4:56  Probe  
  48  5:00  Stalker  
  48  5:04  Probe  
  48  5:07  Probe  
  51  5:10  Stalker  
  54  5:16  Probe  
  54  5:17  Probe, Observer (Chrono Boost)  
  57  5:23  Assimilator  
  57  5:27  Dark Templar, Assimilator  
  57  5:28  Probe x2  
  61  5:38  Probe, Pylon  
  61  5:40  Probe  
  63  5:49  Probe  
  63  5:52  Probe  
  65  5:58  Dark Templar x2  
  65  5:59  Probe  
  65  6:03  Pylon  
  70  6:04  Probe  
  70  6:10  Probe, Nexus  
  71  6:16  Probe  
  73  6:20  Immortal (Chrono Boost), Probe  
  78  6:28  Probe  
  71  6:41  Stalker x3  
  71  6:44  Gateway  
  73  6:47  Gateway  
  73  6:49  Gateway  
  73  6:56  Immortal (Chrono Boost)  
  73  6:59  Gateway, Probe  
  78  7:01  Probe  
  79  7:09  Stalker x2  
  79  7:12  Stalker  
  85  7:17  Probe  
  84  7:35  Stalker x2  
  84  7:36  Stalker  
  87  7:37  Robotics Bay  
  87  7:49  Pylon  
  87  7:58  Nexus  
  87  8:00  Pylon  
  87  8:09  Robotics Facility  
  87  8:12  Probe x2, Forge  
  89  8:24  Disruptor (Chrono Boost)  
  92  8:33  Stargate  
  92  8:34  Stalker x2  
  94  8:37  Probe  
  97  8:44  Protoss Ground Weapons Level 1 (Chrono Boost)  
  97  8:46  Probe  
  98  8:51  Stalker x2  
  102  8:56  Pylon  
  102  9:05  Photon Cannon  
  102  9:07  Disruptor (Chrono Boost)  
  102  9:09  Probe  
  102  9:10  Probe x2  
  102  9:15  Disruptor (Chrono Boost)  
  111  9:20  Oracle (Chrono Boost)  
  114  9:26  Probe  
  114  9:27  Probe, Assimilator  
  114  9:29  Assimilator  
  116  9:37  Disruptor  
  116  9:38  Dark Templar, Pylon  
  118  9:40  Probe  
  118  9:45  Photon Cannon  
  122  9:48  Probe  
  123  9:58  Pylon  
  123  9:59  Pylon  
  123  10:11  Disruptor  
  123  10:16  Disruptor  
  123  10:17  Pylon  
  123  10:18  Stalker x4  
Show
View Real Time Build Order
Export as new Build Order

Zaratustra Protoss - Winner!

Build Orders: 1 Gate Expand 

Get SALT Encoding   

  12  0:01  Probe (Chrono Boost)  
  13  0:12  Probe (Chrono Boost)  
  14  0:17  Pylon  
  14  0:23  Probe (Chrono Boost)  
  15  0:35  Probe (Chrono Boost)  
  16  0:36  Gateway  
  16  0:41  Assimilator  
  16  0:46  Probe (Chrono Boost)  
  17  0:56  Probe (Chrono Boost)  
  18  1:07  Probe (Chrono Boost)  
  19  1:17  Probe (Chrono Boost)  
  20  1:24  Nexus  
  20  1:30  Cybernetics Core  
  20  1:34  Probe (Chrono Boost)  
  21  1:40  Assimilator  
  21  1:44  Probe (Chrono Boost)  
  22  1:49  Pylon  
  22  1:55  Probe (Chrono Boost)  
  23  2:07  Mothership Core (Chrono Boost)  
  25  2:08  Stalker (Chrono Boost)  
  27  2:18  Warp Gate (Chrono Boost)  
  27  2:23  Gateway  
  27  2:25  Probe  
  28  2:35  Probe  
  28  2:37  Probe  
  28  2:38  Stalker (Chrono Boost)  
  31  2:46  Pylon  
  31  2:48  Probe  
  31  2:50  Probe  
  33  3:01  Robotics Facility  
  33  3:10  Probe  
  33  3:11  Probe  
  35  3:21  Probe  
  35  3:22  Pylon  
  35  3:23  Probe  
  37  3:31  Probe  
  36  3:35  Probe  
  36  3:37  Stalker (Chrono Boost)  
  36  3:38  Stalker (Chrono Boost)  
  41  3:42  Probe  
  41  3:45  Gateway  
  42  3:49  Observer (Chrono Boost)  
  42  3:51  Probe  
  44  3:58  Probe, Pylon  
  44  4:00  Pylon  
  45  4:03  Probe  
  45  4:08  Twilight Council  
  45  4:09  Probe  
  46  4:11  Observer  
  46  4:15  Probe  
  49  4:22  Probe  
  49  4:27  Probe  
  51  4:32  Immortal  
  51  4:33  Probe  
  56  4:39  Probe  
  56  4:42  Blink (Chrono Boost)  
  56  4:43  Probe  
  58  4:49  Assimilator  
  58  4:52  Probe  
  59  4:53  Forge  
  59  4:55  Pylon, Assimilator  
  59  4:58  Adept  
  59  4:59  Adept x2  
  65  5:00  Probe  
  65  5:05  Probe  
  67  5:11  Probe  
  67  5:14  Immortal (Chrono Boost)  
  68  5:17  Probe  
  73  5:23  Pylon  
  73  5:26  Photon Cannon  
  73  5:28  Photon Cannon  
  73  5:32  Probe x2  
  73  5:34  Protoss Ground Weapons Level 1 (Chrono Boost)  
  75  5:41  Pylon  
  75  5:44  Probe  
  76  5:51  Probe  
  76  5:56  Probe  
  76  6:04  Sentry, Observer  
  78  6:05  Sentry  
  78  6:06  Nexus  
  78  6:08  Pylon x2  
  78  6:10  Probe  
  82  6:13  Pylon  
  82  6:21  Probe  
  82  6:22  Probe  
  84  6:33  Probe  
  84  6:36  Stalker x3  
  89  6:50  Photon Cannon  
  89  6:51  Probe x2  
  89  6:54  Warp Prism, Photon Cannon  
  91  6:58  Photon Cannon  
  93  7:02  Photon Cannon  
  93  7:03  Probe  
  93  7:06  Probe  
  95  7:12  Gateway  
  95  7:14  Gateway  
  95  7:16  Gateway  
  95  7:18  Probe  
  95  7:19  Pylon  
  96  7:29  Stalker  
  98  7:30  Stalker x2  
  98  7:36  Immortal  
  105  7:45  Robotics Facility  
  105  7:46  Robotics Bay  
  105  7:48  Protoss Ground Weapons Level 2 (Chrono Boost)  
  105  7:49  Assimilator  
  105  7:53  Assimilator  
  105  7:54  Probe, Photon Cannon  
  105  7:56  Pylon  
  105  7:57  Stalker x2  
  108  8:00  Sentry  
  110  8:09  Stalker  
  110  8:10  Stalker x2  
  110  8:11  Immortal  
  120  8:21  Pylon  
  120  8:32  Stalker x3  
  120  8:33  Stalker x2  
  120  8:34  Stalker  
  132  8:37  Disruptor (Chrono Boost)  
  135  8:56  Disruptor (Chrono Boost)  
  135  8:57  Nexus  
  135  9:00  Pylon  
  135  9:01  Pylon  
  138  9:17  Stalker x5  
  138  9:19  Stalker  
  138  9:21  Disruptor (Chrono Boost)  
  153  9:34  Disruptor  
  156  9:40  Stalker  
  156  9:41  Stalker x2  
  156  9:42  Stalker  
  164  9:47  Photon Cannon  
  164  9:50  Pylon  
  164  9:57  Warp Prism  
  166  10:07  Templar Archives  
  166  10:12  Probe  
  166  10:13  Probe x3  
  167  10:23  Probe x2  
  167  10:25  Probe  
Tags
 
Add a new tag
Caveats
  • Supply blocks, unpowered buildings, or Contaminate may cause inaccurate times.
  • Supply counts are checked every 10 seconds.